AoeStats
← Hilux Surf

Four Lakes

509398699Analyzed
1v1 RM · 6d ago on Sep 26, 2026· 58m 25s· 2 players
Game mode
Random Map
Map size
Tiny (2 player)
Population
200
Speed
Normal
Resources
Standard
Victory
Conquest
Starting age
Dark Age
Ending age
Imperial Age
RankedLock teamsTeams togetherTeam positionsShared explorationLock speedFull tech treeHidden civsTurbo modeCheats
Victory
Defeat
🇬🇧 Vikings · United Kingdom
336
+19
🇨🇦 Japanese · Canada
409
-25
RodionRomanovitchRaskolnikov
10:53 Feudal Age
13:10 Double-Bit Axe
16:15 Man-at-Arms
19:09 Castle Age
17:25 Fletching
17:46 Forging
17:40 Scale Mail Armor
23:44 Fervor
23:03 Long Swordsman
23:08 Crossbowman
24:15 Gold Mining
26:11 Elite Skirmisher
27:45 Iron Casting
29:02 Squires
29:43 Gold Shaft Mining
29:55 Pikeman
32:01 Horse Collar
37:55 Imperial Age
36:11 Bodkin Arrow
36:32 Chain Mail Armor
36:17 Padded Archer Armor
36:01 Treadmill Crane
36:31 Masonry
36:42 Ballistics
36:18 Murder Holes
39:16 Conscription
38:57 Bogsveigar
40:54 Chemistry
40:28 Heavy Plow
40:13 Two-Handed Swordsman
42:25 Capped Ram
44:51 Champion
44:53 Elite Varangian Guard
45:29 Light Cavalry
45:58 Town Watch
52:35 Blast Furnace
52:05 Plate Mail Armor
51:36 Bracer
51:51 Leather Archer Armor
52:55 Arbalester
55:01 Siege Ram
Hilux Surf
9:20 Loom
11:06 Feudal Age
11:56 Town Watch
12:31 Horse Collar
13:33 Double-Bit Axe
14:10 Fishing Lines
17:29 Wheelbarrow
22:03 Gold Mining
22:03 Stone Mining
28:31 Castle Age
27:32 Man-at-Arms
27:59 Arson
31:10 Town Patrol
33:49 Thumb Ring
33:38 Gambesons
33:14 Long Swordsman
Connection lost

Rejoining the realm…

Still unreachable

The connection could not be restored.

Session expired

The server has moved on; the page needs a fresh start.